 Dungeon Crawl Stone Soup version 0.17-a0-1951-g62301d3 (webtiles) character file.

485811 Kusio the Slayer (level 24, -3/412 HPs)
             Began as an Ogre Berserker on Oct 2, 2015.
             Was a Believer of the Shining One.
             Slain by a hill giant
             ... wielding a +0 giant club
             ... created by the rage of Trog
              (11 damage)
             ... on level 1 of the Crypt on Oct 3, 2015.
             The game lasted 05:25:26 (67428 turns).

Kusio the Slayer (Ogre Berserker)                  Turns: 67428, Time: 05:25:28

Health: -3/412     AC: 32    Str: 32    XL:     24   Next: 63%
Magic:  25/25      EV:  1    Int:  6    God:    the Shining One [**....]
Gold:   4586       SH: 15    Dex: 21    Spells: 2 memorised, 19 levels left

rFire  x . .     SeeInvis +     d - +7 flail of Cheese {crush, rC+ Str+3}
rCold  + . .     Clarity  .     (armour currently unavailable)
rNeg   + + +     SustAt   .     j - +0 shield
rPois  +         Gourm    .     (helmet currently unavailable)
rElec  +         Spirit   .     (cloak currently unavailable)
rCorr  +         Warding  .     (gloves unavailable)
rMut   .         NoTele   +     (boots unavailable)
MR     +++..                    w - amulet of Okawaru's Benevolence {rCorr +Inv rElec rF- SInv}
Stlth  +.........               x - ring "Xodut" {Wiz rPois rN+ MR+}
                                G - ring of positive energy

@: agile, tree-form (expiring), glowing, extremely resistant to hostile
enchantments, very unstealthy
A: unfitting armour, (talons 0), rough black scales 1, (tough skin 0)
a: Divine Shield, Renounce Religion, Evoke Invisibility
}: 3/15 runes: decaying, serpentine, slimy


You were on level 1 of the Crypt.
You worshipped the Shining One.
The Shining One was pleased with you.
You were very full.
You were a tree.
You visited 11 branches of the dungeon, and saw 51 of its levels.
You visited the Abyss 1 time.
You visited 1 bazaar.
You also visited: Labyrinth, Trove and Ice Cave.

You collected 6421 gold pieces.
You spent 1835 gold pieces at shops.

Inventory:

Hand weapons
 d - the +7 flail of Cheese (weapon) {crush, rC+ Str+3}
   (You found it on level 3 of the Lair of Beasts)

   It inflicts extra damage upon your enemies.
   It affects your strength (+3).
   It protects you from cold.
 R - a +1 blowgun
Missiles
 F - 27 large rocks (quivered)
Armour
 j - a +0 shield (worn)
 m - the +2 cloak "Cesil" (melded) {Str+11 Dex-3}
   (You acquired it on level 8 of the Lair of Beasts)

   It affects your strength (+11).
   It affects your dexterity (-3).
 p - the +4 steam dragon armour of Contentment (melded) {rElec rC+ MR+}
   (You bought it in a shop on level 4 of the Orcish Mines)

   It protects you from cold.
   It insulates you from electricity.
   It affects your resistance to hostile enchantments.
Jewellery
 b - the amulet "Qiam" {rMut rPois}
   (You found it in an ice cave)

   [amulet of resist mutation]

   It protects you from mutation.
   It protects you from poison.
 w - the amulet of Okawaru's Benevolence (around neck) {rCorr +Inv rElec rF- SInv}
   (You found it in a treasure trove)

   [amulet of resist corrosion]

   It protects you from acid and corrosion.
   It makes you vulnerable to fire.
   It insulates you from electricity.
   It lets you see invisible.
   It lets you turn invisible.
 x - the ring "Xodut" (right branch) {Wiz rPois rN+ MR+}
   (You found it on level 6 of the Pits of Slime)

   [ring of wizardry]

   It improves your spell success rate.
   It protects you from poison.
   It protects you from negative energy.
   It affects your resistance to hostile enchantments.
 G - a ring of positive energy (left branch)
 K - a +5 ring of evasion
 L - an uncursed ring of protection from cold
 P - the amulet "Popnuis" {Clar MR+}
   (You found it in a treasure trove)

   [amulet of clarity]

   It provides mental clarity.
   It affects your resistance to hostile enchantments.
Magical devices
 A - a wand of digging (18)
 D - a wand of teleportation (3)
 O - a wand of disintegration (4)
Scrolls
 a - a scroll of holy word
 e - 5 scrolls of recharging
 f - 6 scrolls of enchant weapon
 g - a scroll of teleportation
 h - 3 scrolls of brand weapon
 y - 3 scrolls of enchant armour
 B - 6 scrolls of fog
 E - 16 scrolls of identify
 N - a scroll of silence
 S - 3 scrolls of fear
 Y - 2 scrolls of magic mapping
Potions
 i - 3 potions of brilliance
 l - 3 potions of invisibility
 n - 2 potions of might
 u - 2 potions of cancellation
 v - 4 potions of flight
 z - a potion of magic
 T - 16 potions of curing
Comestibles
 c - 13 bread rations


   Skills:
 - Level 22.4 Fighting
 - Level 21.4 Maces & Flails
 - Level 10.6 Throwing
 - Level 18.9 Armour
 - Level 14.8 Dodging
 - Level 15.8 Shields
 + Level 3.4 Charms
 + Level 3.2 Translocations
 + Level 3.4 Air Magic
 - Level 3.1 Evocations


You had 19 spell levels left.
You knew the following spells:

 Your Spells              Type           Power        Failure   Level  Hunger
a - Shroud of Golubria    Chrm/Tloc      #.........   9%          2    ###....
b - Repel Missiles        Chrm/Air       #.....       9%          2    ###....


Dungeon Overview and Level Annotations

Branches:
Dungeon (15/15)            Temple (1/1) D:7            Lair (8/8) D:9
  Swamp (4/4) Lair:5        Snake (4/4) Lair:3        Slime (6/6) Lair:8
    Orc (4/4) D:12            Elf (3/3) Orc:4        Vaults (4/5) D:13
  Crypt (1/3) Vaults:2     Depths (1/5) D:15

Altars:
Ashenzari
Cheibriados
Dithmenos
Elyvilon
Fedhas
Gozag
Kikubaaqudgha
Makhleb
Nemelex Xobeh
Okawaru
Qazlal
Ru
Sif Muna
Trog
Vehumet
Xom
Yredelemnul
Zin
The Shining One
Beogh
Jiyva

Shops:
D:6 *   D:11 [   D:12 }   D:13 ?   Orc:4 [(!!   Snake:2 }   Vaults:1 %
Vaults:2 *   Vaults:3 ?   Vaults:4 (


Innate Abilities, Weirdness & Mutations

You are too large for most types of armour.
((You have tough skin (AC +1).))
((You have sharp toenails.))
(You are partially covered in rough black scales (AC +4, Dex -1).)


Message History

Your transformation is almost over.
The troll bites you but does no damage. You block the troll's attack.
The troll claws you.
* * * LOW HITPOINT WARNING * * *
You block the hill giant's attack.
The hill giant hits you with a giant club.
* * * LOW HITPOINT WARNING * * *
The troll bites you!!
* * * LOW HITPOINT WARNING * * *
The troll claws you but does no damage. x2
The hill giant hits you but does no damage.
Drink which item? (? for menu, Esc to quit)
You feel better.
The hill giant hits you with a giant club!!
* * * LOW HITPOINT WARNING * * *
The troll bites you but does no damage. You block the troll's attack.
You block the troll's attack.
The ogre rages.
The hill giant hits you with a giant club!
You die...

.# #.# .##.. ..... ..
...## .... ..####...#
... #..# .........
.... #..## #(......
#... #.((# #...#...
... ###C# #.....#.
#.##♣Ch# #....#..
#..#CT.#.#####.......
#..OO.#..#......#...
##..####.#...^..#...
#..####.#...#.##..#
#.......##.##.#####
#....#).....))##.#
#....#......##...#
......##......)).###


You could see 3 hill giants, a troll (berserk), a black bear (berserk) and 2
ogres.

Vanquished Creatures
  the royal jelly (Slime:6)
  Dissolution (Slime:2)
  Mennas (Vaults:3)
  Sojobo (D:15)
  Margery (Vaults:3)
  Saint Roka (Crypt:1)
  Nikola (Snake:3)
  Jory (Vaults:4)
  Jorgrun (Snake:3)
  Asterion (Vaults:3)
  2 deep elf blademasters (Elf:3)
  2 deep elf master archers (Elf:3)
  21 acid blobs
  3 thorn hunters
  2 sphinxes (Crypt:1)
  4 tentacled starspawn (Abyss:2)
  An ancient champion (Vaults:2)
  Agnes (Snake:3)
  2 tengu reavers
  A revenant (Crypt:1)
  10 azure jellies
  Roxanne (Snake:1)
  2 storm dragons
  9 greater nagas
  Donald (Snake:1)
  Maud (Orc:4)
  8 deep elf sorcerers
  3 vault wardens
  2 frost giants
  2 orc warlords
  Aizul (Elf:1)
  Louise (Elf:1)
  A curse skull (Crypt:1)
  2 balrugs (Abyss:2)
  2 fire giants
  3 ghouls (Crypt:1)
  9 stone giants
  13 ironheart preservers
  3 war gargoyles
  8 very ugly things
  7 deep elf demonologists
  Azrael (Orc:3)
  A vampire knight (Vaults:2)
  9 deep elf annihilators
  An eidolon (Crypt:1)
  2 green deaths (Swamp:4)
  7 vault guards
  6 ettins
  4 fire dragons
  A blizzard demon (Abyss:2)
  2 death oozes
  A minotaur (Lab)
  Josephine (D:13)
  7 deep elf death magi
  11 yaktaur captains
  An ice dragon (IceCv)
  2 deep elf high priests (Elf:3)
  12 great orbs of eyes
  2 hell beasts (Swamp:4)
  8 centaur warriors
  19 naga warriors
  A catoblepas (Lair:6)
  13 ogre magi
  18 hydras
  2 rakshasas (Abyss:2)
  A ghost crab (Swamp:3)
  Erica (Lair:2)
  7 alligators
  9 anacondas
  A tengu warrior (D:15)
  The ghost of AvylaarBelgium the Fighter, an experienced DsGl of Makhleb (D:14)
  An alligator (shapeshifter) (Vaults:2)
  4 shock serpents
  14 dancing weapons
  3 thrashing horrors
  A vampire mage (D:15)
  A titan zombie (D:15)
  11 naga sharpshooters
  2 hell hogs (Abyss:2)
  Urug (D:11)
  4 deep troll earth magi
  2 deep troll shamans
  2 spriggans
  2 orc high priests (Orc:4)
  19 deep elf knights
  5 hell knights
  Sonja (Lair:2)
  5 sun demons (Abyss:2)
  A fire crab (Vaults:2)
  5 small abominations
  A shadow wraith (Vaults:1)
  A fire crab (shapeshifter) (Vaults:4)
  18 skeletal warriors
  A salamander mystic (Snake:1)
  11 deep elf summoners
  8 hill giants
  2 giant orange brains
  3 swamp dragons (Swamp:4)
  2 flayed ghosts
  9 deep trolls
  7 naga ritualists
  A shambling mangrove (Swamp:2)
  3 unseen horrors
  2 ice statues (IceCv)
  An obsidian statue (Elf:3)
  A tengu zombie (D:15)
  An anubis guard (shapeshifter) (Elf:2)
  6 large abominations
  A giant orange brain (shapeshifter) (D:13)
  9 ironbrand convokers
  A lindwurm (shapeshifter) (D:13)
  2 phantasmal warriors
  An orb spider (shapeshifter) (Vaults:1)
  12 orc knights
  15 deep elf conjurers
  22 ugly things
  A harpy (shapeshifter) (Elf:2)
  An iron dragon zombie (D:15)
  9 necromancers
  5 shining eyes
  An oklob plant (Orc:2)
  9 griffons
  4 hornets
  13 mana vipers
  13 salamanders
  6 orc sorcerers
  36 black mambas
  2 octopodes (shapeshifter)
  An eye of devastation (Slime:6)
  7 wolf spiders
  2 salamanders (shapeshifter)
  An elephant (shapeshifter) (Vaults:3)
  A hornet (shapeshifter) (Vaults:4)
  5 cyclopes
  3 manticores
  13 elephants
  7 guardian serpents
  Joseph (D:8)
  2 orange demons (Swamp:4)
  An apocalypse crab (Abyss:2)
  27 yaktaurs
  10 vault sentinels
  25 naga magi
  A grey draconian zombie (Crypt:1)
  28 spiny frogs
  9 komodo dragons
  3 tengu conjurers
  7 fire drakes
  3 kobold demonologists
  18 deep elf priests
  A hellwing (Abyss:2)
  5 freezing wraiths
  2 smoke demons (Abyss:2)
  2 guardian mummies
  32 blink frogs
  A yellow draconian skeleton (Crypt:1)
  An ancient zyme (Abyss:2)
  A death drake zombie (Crypt:1)
  3 giant leeches
  6 raiju (Abyss:2)
  3 red devils (Abyss:2)
  4 polar bears
  2 polar bears (shapeshifter)
  25 two-headed ogres
  115 slime creatures
  5 boulder beetles
  5 trolls
  A trapdoor spider zombie (D:8)
  13 bog bodies
  A blink frog (shapeshifter) (Vaults:3)
  A frost giant simulacrum (Vaults:1)
  A redback (Lair:8)
  5 shadows
  Sigmund (D:6)
  5 wyverns
  2 water elementals
  A deep troll skeleton (D:15)
  A griffon skeleton (Crypt:1)
  2 ynoxinuls (Abyss:2)
  100 yaks
  A hog (shapeshifter) (Vaults:3)
  A neqoxec (Abyss:2)
  24 deep elf magi
  4 fire elementals
  13 hippogriffs
  25 deep elf fighters
  36 vampire mosquitoes
  6 wargs
  2 mottled dragons
  5 steam dragons
  16 golden eyes
  A human (shapeshifter) (Vaults:4)
  11 wraiths
  48 nagas
  7 basilisks
  Menkaure (D:6)
  A hungry ghost (Abyss:2)
  The ghost of Fv001 the Sneak, an average OpFi (D:4)
  A monstrous demonspawn zombie (Crypt:1)
  Edmund (D:6)
  18 porcupines
  17 wolves
  24 ice beasts
  26 swamp worms
  A chaos spawn (Abyss:2)
  5 eyes of draining
  25 water moccasins
  A sky beast (shapeshifter) (Vaults:1)
  7 hell hounds
  11 centaurs
  6 spiders
  11 swamp drakes
  A necrophage (Crypt:1)
  6 sky beasts
  3 boggarts (Vaults:2)
  42 orc warriors
  A black bear (shapeshifter) (Vaults:4)
  A black bear (D:15)
  52 ogres
  3 phantoms
  17 crocodiles
  5 wasps
  18 giant frogs
  3 big kobolds (D:14)
  5 elf zombies (Elf:1)
  An ogre simulacrum (Vaults:1)
  A water moccasin zombie (D:9)
  A gnoll sergeant (D:8)
  6 scorpions
  14 killer bees
  13 wights
  5 crimson imps
  5 centaur skeletons
  36 orc wizards
  A giant frog zombie (D:6)
  4 human simulacra
  A quasit (Abyss:2)
  15 starcursed masses (Abyss:2)
  6 centaur zombies
  13 iguanas
  6 hounds
  31 jellies
  6 giant frog skeletons
  A human zombie (Crypt:1)
  An iron imp (Abyss:2)
  26 orc priests
  14 worker ants
  3 human skeletons (Crypt:1)
  A boulder beetle simulacrum (Vaults:1)
  20 sheep
  2 hound zombies
  A hound skeleton (D:5)
  5 mummies (Crypt:1)
  2 worker ant zombies
  25 adders
  12 gnolls
  55 river rats
  6 shadow imps
  7 oozes
  2 adder skeletons
  3 giant geckos
  199 orcs
  4 ball pythons
  5 giant cockroaches
  3 goblins
  12 hobgoblins
  16 jackals
  14 kobolds
  9 bats
  6 giant newts
  7 quokkas
  4 rats
  3 crawling corpses
  6 fungi
  5 plants
  3 starspawn tentacles (Abyss:2)
2298 creatures vanquished.

Vanquished Creatures (collateral kills)
  8 acid blobs (Slime:6)
  4 azure jellies (Slime:6)
  A deep elf sorcerer (Vaults:1)
  An ettin (Vaults:4)
  7 death oozes
  A naga warrior (Snake:1)
  2 catoblepae
  A hydra (Lair:8)
  3 dancing weapons (Elf:2)
  A thrashing horror (Abyss:2)
  An ogre mage (Vaults:3)
  A skeletal warrior (D:15)
  A deep elf knight (Elf:2)
  A flayed ghost (Vaults:1)
  A naga ritualist (Snake:4)
  A mana viper (Snake:4)
  A hill giant (D:13)
  A cyclops (D:13)
  A salamander (Snake:1)
  A black mamba (Snake:4)
  A centaur skeleton (D:13)
  A kobold demonologist (D:13)
  A red devil (Abyss:2)
  2 slime creatures (Swamp:4)
  A hippogriff (D:13)
  3 deep elf fighters (Vaults:1)
  A sky beast (D:13)
  An ice beast (D:13)
  2 orc warriors (Vaults:4)
  An ogre (Vaults:3)
  2 big kobolds (D:13)
  4 lava snakes (Lab)
  2 starcursed masses (Abyss:2)
  2 orc priests (Vaults:4)
  3 sheep (D:13)
  An ufetubus (Abyss:2)
  6 orcs
  A kobold (D:13)
74 creatures vanquished.

Vanquished Creatures (others)
  A tengu reaver (Depths:1)
  An ice dragon (IceCv)
  An alligator (Swamp:4)
  A deep elf conjurer (Vaults:2)
  2 deep elf fighters (Elf:1)
  3 orcs
  A kobold (D:14)
  A briar patch (Swamp:3)
  A bush (Lair:8)
  59 fungi
  48 plants
  15 starspawn tentacles (Abyss:2)
  120 starspawn tentacle segments (Abyss:2)
254 creatures vanquished.

Grand Total: 2626 creatures vanquished

Notes
Turn   | Place    | Note
--------------------------------------------------------------
     0 | D:1      | Kusio the Ogre Berserker began the quest for the Orb.
     0 | D:1      | Reached XP level 1. HP: 24/24 MP: 1/1
    40 | D:1      | HP: 1/24 [hobgoblin/club (3)]
   241 | D:1      | Reached XP level 2. HP: 13/32 MP: 2/2
   313 | D:1      | Reached skill level 5 in Maces & Flails
   697 | D:2      | Reached XP level 3. HP: 39/39 MP: 3/3
   712 | D:2      | Noticed an air elemental
   715 | D:2      | Found a stormy altar of Qazlal.
   718 | D:2      | Noticed an earth elemental
   718 | D:2      | Noticed a water elemental
   718 | D:2      | Noticed a fire elemental
  1007 | D:2      | Acquired Trog's second power
  1121 | D:2      | Reached skill level 6 in Maces & Flails
  1141 | D:2      | Reached XP level 4. HP: 25/48 MP: 4/4
  1181 | D:2      | Found a blossoming altar of Fedhas.
  1185 | D:2      | Found an opulent altar of Gozag.
  1187 | D:2      | Found a snail-covered altar of Cheibriados.
  1659 | D:3      | Reached skill level 7 in Maces & Flails
  1779 | D:3      | Reached XP level 5. HP: 41/54 MP: 5/5
  2113 | D:3      | Reached skill level 8 in Maces & Flails
  2171 | D:3      | Found a deep blue altar of Sif Muna.
  2388 | D:4      | Reached XP level 6. HP: 53/62 MP: 6/6
  2399 | D:4      | Noticed Fv001's ghost (average OpFi)
  2414 | D:4      | Killed Fv001's ghost
  2414 | D:4      | Reached skill level 9 in Maces & Flails
  2811 | D:4      | Noticed a phantom
  2811 | D:4      | Noticed an ogre
  2818 | D:4      | Killed an ogre
  2818 | D:4      | Reached skill level 10 in Maces & Flails
  2818 | D:4      | Reached XP level 7. HP: 70/70 MP: 7/7
  2832 | D:4      | Killed a phantom
  3057 | D:4      | Reached skill level 11 in Maces & Flails
  3262 | D:5      | Entered Level 5 of the Dungeon
  3544 | D:5      | Acquired Trog's third power
  3790 | D:5      | Reached XP level 8. HP: 49/78 MP: 8/8
  4117 | D:5      | Found a shadowy altar of Dithmenos.
  4228 | D:5      | Found a radiant altar of Vehumet.
  4229 | D:5      | Found a bloodstained altar of Trog.
  4246 | D:5      | Reached skill level 12 in Maces & Flails
  4664 | D:6      | Reached skill level 13 in Maces & Flails
  4903 | D:6      | Found Dowirryf's Assorted Antiques.
  4954 | D:6      | Bought a scroll labeled KOCOLI WEBUAME for 27 gold pieces
  5102 | D:6      | Noticed Edmund
  5115 | D:6      | Killed Edmund
  5115 | D:6      | Reached skill level 14 in Maces & Flails
  5115 | D:6      | Reached skill level 1 in Throwing
  5115 | D:6      | Reached XP level 9. HP: 85/85 MP: 9/9
  5186 | D:6      | Noticed Menkaure
  5193 | D:6      | Killed Menkaure
  5303 | D:6      | Noticed Sigmund
  5317 | D:6      | Killed Sigmund
  5317 | D:6      | Reached skill level 5 in Fighting
  5835 | D:7      | HP: 4/89 [giant frog (5)]
  6033 | D:7      | Received a gift from Trog
  6040 | D:7      | Gained mutation: You are somewhat resistant to further mutation. [mutagenic meat]
  6080 | D:7      | Found a staircase to the Ecumenical Temple.
  6512 | D:8      | Got a slimy jade ring
  6513 | D:8      | Identified the ring "Posun" {SustAt Str+3} (You found it on level 8 of the Dungeon)
  6523 | D:8      | Found a white marble altar of Elyvilon.
  6658 | D:8      | Noticed a brown ugly thing
  6661 | D:8      | Noticed a catoblepas
  6702 | D:8      | Killed a catoblepas
  6702 | D:8      | Reached skill level 15 in Maces & Flails
  6702 | D:8      | Reached skill level 5 in Throwing
  6837 | D:8      | Reached XP level 10. HP: 44/104 MP: 10/10
  7164 | D:8      | Killed a brown ugly thing
  7457 | D:8      | Noticed Joseph
  7465 | D:8      | Killed Joseph
  7873 | D:8      | Found a sparkling altar of Nemelex Xobeh.
  8240 | D:8      | Received a gift from Trog
  9092 | D:9      | Found a staircase to the Lair.
  9196 | D:10     | Entered Level 10 of the Dungeon
  9196 | D:10     | Noticed a hill giant
  9199 | D:10     | Killed a hill giant
  9199 | D:10     | Reached skill level 16 in Maces & Flails
  9420 | D:10     | Reached skill level 10 in Fighting
  9422 | D:10     | Reached XP level 11. HP: 96/117 MP: 11/11
  9484 | D:10     | Received a gift from Trog
 10103 | D:11     | Noticed Urug
 10127 | D:11     | Killed Urug
 10630 | D:11     | Received a gift from Trog
 11019 | Lair:1   | Entered Level 1 of the Lair of Beasts
 11869 | Lair:1   | Reached skill level 17 in Maces & Flails
 11870 | Lair:1   | Received a gift from Trog
 11968 | Lair:1   | Received a gift from Trog
 11969 | Lair:1   | Got a dazzling giant club {god gift}
 11980 | Lair:1   | Identified the +6 giant club "Yloopseg" {drain, +Fly rPois Str+3 Int-4} (Trog gifted it to you on level 1 of the Lair of Beasts)
 12583 | Lair:1   | Reached XP level 12. HP: 113/132 MP: 12/12
 12938 | Lair:1   | Reached skill level 10 in Throwing
 13142 | Lair:2   | Noticed Sonja
 13148 | Lair:2   | Killed Sonja
 13247 | Lair:2   | Found a labyrinth entrance.
 13254 | Lab      | Entered a labyrinth
 13950 | Lab      | Noticed a minotaur
 13957 | Lab      | Killed a minotaur
 13957 | Lab      | Reached skill level 18 in Maces & Flails
 13963 | Lab      | Got a warped battleaxe {flame}
 13985 | Lair:2   | Identified the cursed +0 battleaxe of Dimn {flame, rC++ Str+2 Int-4} (You took it off a minotaur in a labyrinth)
 13998 | Lair:2   | Upgraded the game from 0.17-a0-1949-g1acca9a to 0.17-a0-1951-g62301d3
 14425 | Lair:2   | Noticed Erica
 14440 | Lair:2   | Killed Erica
 15176 | Lair:2   | Noticed an eight-headed hydra
 15186 | Lair:2   | Killed an eight-headed hydra
 15376 | Lair:3   | Found a staircase to the Snake Pit.
 15391 | Snake:1  | Entered Level 1 of the Snake Pit
 15391 | Snake:1  | Noticed an anaconda
 15391 | Snake:1  | Noticed a naga warrior
 15401 | Lair:3   | Killed a naga warrior
 15401 | Lair:3   | Received a gift from Trog
 15466 | Lair:3   | Reached XP level 13. HP: 25/145 MP: 13/13
 15993 | Lair:3   | Got a shimmering flail
 15994 | Lair:3   | Identified the +7 flail of Cheese {crush, rC+ Str+3} (You found it on level 3 of the Lair of Beasts)
 16071 | Lair:3   | Received a gift from Trog
 16071 | Lair:3   | Reached skill level 5 in Dodging
 17228 | Lair:4   | Received a gift from Trog
 17229 | Lair:4   | Got an ivory lajatang {god gift}
 17230 | Lair:4   | Identified the +6 lajatang of Oenomania {slice, *Contam rElec rF+} (Trog gifted it to you on level 4 of the Lair of Beasts)
 17309 | Lair:4   | Gained mutation: Scrolls take you a little longer to read. [mutagenic glow]
 17645 | Lair:4   | Reached skill level 15 in Fighting
 18644 | Lair:5   | Found a staircase to the Swamp.
 19276 | Lair:6   | Received a gift from Trog
 20174 | Lair:7   | Reached XP level 14. HP: 162/162 MP: 14/14
 20567 | Lair:7   | Received a gift from Trog
 20883 | Lair:8   | Entered Level 8 of the Lair of Beasts
 20962 | Lair:8   | Received a gift from Trog
 21436 | Lair:8   | Reached skill level 10 in Dodging
 21576 | Lair:8   | Received a gift from Trog
 21583 | Lair:8   | HP: 8/249 [burnt (5)]
 21585 | Lair:8   | HP: 1/249 [burnt (4)]
 21995 | Lair:8   | Received a gift from Trog
 22905 | Lair:1   | Gained mutation: You tend to lose your temper in combat. [potion of mutation]
 22905 | Lair:1   | Gained mutation: Your flesh is heat resistant. [potion of mutation]
 22906 | Lair:1   | Lost mutation: Scrolls take you a little longer to read. [potion of cure mutation]
 22906 | Lair:1   | Lost mutation: You are somewhat resistant to further mutation. [potion of cure mutation]
 22906 | Lair:1   | Lost mutation: You tend to lose your temper in combat. [potion of cure mutation]
 22906 | Lair:1   | Lost mutation: Your flesh is heat resistant. [potion of cure mutation]
 23130 | Lair:8   | Found a viscous altar of Jiyva.
 23130 | Lair:8   | Found a staircase to the Slime Pits.
 23610 | Lair:8   | Reached XP level 15. HP: 178/178 MP: 15/15
 23739 | Lair:8   | Received a gift from Trog
 23739 | Lair:8   | Reached skill level 1 in Armour
 23973 | Lair:8   | Identified a scroll of acquirement
 23975 | Lair:8   | Got a twisted cloak
 23986 | Lair:8   | Identified the +2 cloak "Cesil" {Str+11 Dex-3} (You acquired it on level 8 of the Lair of Beasts)
 24571 | D:11     | Found Opputhok's Armour Shop.
 24795 | D:11     | Reached skill level 19 in Fighting
 25057 | D:12     | Found a staircase to the Orcish Mines.
 25068 | D:12     | Found a roughly hewn altar of Beogh.
 25096 | D:12     | Found Awydiqoh's Gadget Shop.
 25127 | D:12     | Found a frozen archway.
 25160 | IceCv    | Entered an ice cave
 25166 | IceCv    | Received a gift from Trog
 26137 | IceCv    | Got a scintillating brass ring
 26139 | IceCv    | Identified the cursed ring "Leics" {EV-4 Dex+4} (You found it in an ice cave)
 26147 | IceCv    | Got a brightly glowing golden amulet
 26148 | IceCv    | Identified the amulet "Qiam" {rMut rPois} (You found it in an ice cave)
 26823 | D:12     | Reached skill level 5 in Armour
 27215 | D:13     | Received a gift from Trog
 27355 | D:13     | Found a gate to the Vaults.
 27372 | D:13     | Reached skill level 20 in Fighting
 27998 | D:13     | Noticed Josephine
 28009 | D:13     | Killed Josephine
 28009 | D:13     | Received a gift from Trog
 28009 | D:13     | Reached XP level 16. HP: 136/193 MP: 16/16
 28051 | D:13     | Found Nooh's Magic Scroll Emporium.
 28363 | D:14     | Noticed AvylaarBelgium's ghost (experienced DsGl)
 28375 | D:14     | Killed AvylaarBelgium's ghost
 28382 | D:14     | Found an opulent altar of Gozag.
 28459 | D:14     | Received a gift from Trog
 28789 | D:15     | Entered Level 15 of the Dungeon
 28952 | D:15     | Found a staircase to the Depths.
 29774 | D:15     | Reached skill level 21 in Fighting
 30022 | Orc:1    | Entered Level 1 of the Orcish Mines
 30071 | Orc:1    | Found a roughly hewn altar of Beogh.
 30397 | Orc:2    | Received a gift from Trog
 30704 | Orc:2    | Found a roughly hewn altar of Beogh.
 31250 | Orc:4    | Entered Level 4 of the Orcish Mines
 31250 | Orc:4    | Noticed Azrael
 31297 | Orc:3    | Killed Azrael
 31424 | Orc:4    | Found a roughly hewn altar of Beogh.
 31425 | Orc:4    | Found Tupt's Distillery.
 31751 | Orc:4    | Found a roughly hewn altar of Beogh.
 31814 | Orc:4    | Found a staircase to the Elven Halls.
 31907 | Orc:4    | Found a roughly hewn altar of Beogh.
 31908 | Orc:4    | Found Qibb's Distillery.
 31920 | Orc:4    | Received a gift from Trog
 32026 | Orc:4    | Received a gift from Trog
 32039 | Orc:4    | Found a roughly hewn altar of Beogh.
 32174 | Orc:4    | Found Lotack's Antique Weapon Boutique.
 32175 | Orc:4    | Found a roughly hewn altar of Beogh.
 32179 | Orc:4    | Found Gistretia's Antique Armour Shop.
 32199 | Orc:4    | Bought a pitted steam dragon armour for 1260 gold pieces
 32209 | Orc:4    | Identified the +4 steam dragon armour of Contentment {rElec rC+ MR+} (You bought it in a shop on level 4 of the Orcish Mines)
 32301 | Orc:4    | Noticed Maud
 32314 | Orc:4    | Killed Maud
 32451 | Orc:4    | Found a roughly hewn altar of Beogh.
 32734 | Elf:1    | Entered Level 1 of the Elven Halls
 33165 | Elf:1    | Noticed Louise
 33177 | Elf:1    | Killed Louise
 33184 | Elf:1    | Noticed Aizul
 33200 | Elf:1    | Killed Aizul
 33423 | Elf:1    | Cast into the Abyss (a deep elf sorcerer)
 33561 | Abyss:2  | Noticed a tentacled starspawn
 33579 | Abyss:2  | Killed a tentacled starspawn
 33579 | Abyss:2  | Reached skill level 22 in Fighting
 33579 | Abyss:2  | Reached XP level 17. HP: 187/208 MP: 17/17
 33583 | Abyss:2  | Noticed a tentacled starspawn
 33790 | Abyss:2  | Reached skill level 10 in Armour
 33796 | Abyss:2  | Received a gift from Trog
 34023 | Abyss:2  | Received a gift from Trog
 34047 | Abyss:2  | Found a corrupted altar of Lugonu.
 34117 | Elf:1    | Escaped the Abyss
 34926 | Elf:1    | Identified the Volume of Stolen Souls and Aid
 35283 | Elf:2    | Found a runed gate.
 35285 | Elf:2    | Found a runed gate.
 35285 | Elf:2    | Found a runed gate.
 35376 | Elf:2    | Received a gift from Trog
 35379 | Elf:2    | Got an ivory giant spiked club {god gift}
 35380 | Elf:2    | Identified the +3 giant spiked club "Napeid" {elec, Str+2} (Trog gifted it to you on level 2 of the Elven Halls)
 35941 | Elf:2    | Reached XP level 18. HP: 200/218 MP: 18/18
 36800 | Elf:3    | Entered Level 3 of the Elven Halls
 36816 | Elf:3    | Noticed an Ice Fiend
 36829 | Elf:3    | Found a flickering gateway to a bazaar.
 36843 | Bazaar   | Entered a bazaar
 36855 | Bazaar   | Found Vaffofoq's Weapon Boutique.
 36876 | Bazaar   | Found Pyockiom's Assorted Antiques.
 36876 | Bazaar   | Found Eplen's Weapon Boutique.
 36903 | Bazaar   | Found Wauhee's Jewellery Shop.
 36995 | Bazaar   | Bought a thick lapis lazuli amulet for 135 gold pieces
 36995 | Bazaar   | Bought a steaming whip for 202 gold pieces
 36995 | Bazaar   | Bought a scroll of magic mapping for 94 gold pieces
 36995 | Bazaar   | Bought a scroll of identify for 54 gold pieces
 36995 | Bazaar   | Identified the +5 whip of Kagi {venom, rF- Str+9 Int+2 Stlth-} (You bought it in a shop in a bazaar)
 37226 | Elf:3    | Identified the Almanac of Flying Orientation
 37958 | Elf:3    | Noticed an Ice Fiend
 37986 | Elf:3    | Received a gift from Trog
 38245 | Elf:3    | Got a fine jade amulet
 38292 | Elf:3    | Received a gift from Trog
 38314 | Elf:3    | Identified a +9 rod of destruction (10/10) (You took it off a deep elf demonologist on level 3 of the Elven Halls)
 38380 | Elf:3    | Identified the amulet "Weenno" {Stasis rF+ MR+} (You took it off a deep elf death mage on level 3 of the Elven Halls)
 38399 | Elf:3    | Identified Bosch's Almanac of Excruciating Black Rituals
 38407 | Elf:3    | Identified Roxanne's Disquisition on Earth and Transmigration (You found it on level 3 of the Elven Halls)
 38497 | Elf:3    | Identified the Incunabulum of Arcane Weapons
 39134 | Depths:1 | Entered Level 1 of the Depths
 39488 | Snake:1  | Killed an anaconda
 39506 | Snake:1  | Noticed an anaconda
 39509 | Snake:1  | Received a gift from Trog
 39513 | Snake:1  | Killed an anaconda
 39513 | Snake:1  | Reached XP level 19. HP: 213/226 MP: 19/19
 39549 | Snake:1  | Noticed an anaconda
 39554 | Snake:1  | Killed an anaconda
 39607 | Snake:1  | Noticed an anaconda
 39628 | Snake:1  | Killed an anaconda
 39660 | Snake:1  | Noticed Donald
 39668 | Snake:1  | Killed Donald
 39828 | Snake:2  | Received a gift from Trog
 39847 | Snake:2  | Reached skill level 1 in Shields
 39911 | Snake:2  | Found Zees's Gadget Shoppe.
 39933 | Snake:1  | Noticed an anaconda
 39934 | Snake:1  | Noticed an anaconda
 39949 | Snake:1  | Killed an anaconda
 39954 | Snake:1  | Killed an anaconda
 40450 | Snake:1  | Noticed a naga warrior
 40451 | Snake:1  | Noticed a naga warrior
 40465 | Snake:1  | Received a gift from Trog
 40469 | Snake:1  | Killed a naga warrior
 40469 | Snake:1  | Killed a naga warrior
 40616 | Snake:1  | Noticed Roxanne
 40626 | Snake:1  | Killed Roxanne
 41662 | Snake:3  | Noticed Jorgrun
 41672 | Snake:3  | Killed Jorgrun
 41672 | Snake:3  | Reached skill level 5 in Shields
 41730 | Snake:3  | Noticed Agnes
 41745 | Snake:3  | Killed Agnes
 41749 | Snake:3  | Received a gift from Trog
 42290 | Snake:3  | Received a gift from Trog
 42437 | Snake:4  | Entered Level 4 of the Snake Pit
 42440 | Snake:4  | Got an encrusted storm dragon armour
 42451 | Snake:4  | Identified the +5 storm dragon armour of Impatience {+Blink rElec rF+ Int-2} (You acquired it on level 4 of the Snake Pit)
 42451 | Snake:4  | Lost intelligence.
 42936 | Snake:3  | Noticed Nikola
 42958 | Snake:3  | Killed Nikola
 42958 | Snake:3  | Reached XP level 20. HP: 166/236 MP: 20/20
 43645 | Snake:4  | Received a gift from Trog
 43909 | Snake:4  | Reached skill level 15 in Armour
 44586 | Snake:4  | Received a gift from Trog
 44829 | Snake:4  | Noticed Mara
 44831 | Snake:4  | Noticed Kusio's illusion
 45165 | Snake:4  | Got a serpentine rune of Zot
 45647 | Swamp:1  | Entered Level 1 of the Swamp
 46576 | Swamp:2  | Received a gift from Trog
 47480 | Swamp:4  | Entered Level 4 of the Swamp
 47929 | Swamp:3  | Reached skill level 10 in Shields
 48801 | Swamp:4  | Received a gift from Trog
 48867 | Swamp:4  | Reached XP level 21. HP: 194/245 MP: 21/21
 49435 | Swamp:4  | Got a decaying rune of Zot
 50118 | Vaults:1 | Entered Level 1 of the Vaults
 50814 | Vaults:1 | Received a gift from Trog
 50851 | Vaults:1 | Found a portal to a secret trove of treasure.
 51299 | Vaults:1 | You paid a toll of a +4 ice dragon armour to enter a treasure trove
 51300 | Trove    | Entered a treasure trove
 51312 | Trove    | Got a transparent ivory amulet
 51314 | Trove    | Got a sparkling zirconium amulet
 51320 | Trove    | Got a scorched ruby amulet
 51328 | Trove    | Got a scintillating graven amulet
 51330 | Trove    | Got a vibrating glass ring
 51344 | Trove    | Identified the amulet "Nathuchi" {+Rage rF+ MP-9 Str+4} (You found it in a treasure trove)
 51346 | Trove    | Identified the amulet of Okawaru's Benevolence {rCorr +Inv rElec rF- SInv} (You found it in a treasure trove)
 51352 | Trove    | Identified the amulet of Rofig {Stasis *Corrode Str+3 Stlth+} (You found it in a treasure trove)
 51360 | Trove    | Identified the amulet "Popnuis" {Clar MR+} (You found it in a treasure trove)
 51362 | Trove    | Identified the ring of Descent {-Tele rElec Dex+3 Slay+3 Stlth+} (You found it in a treasure trove)
 51712 | Vaults:1 | Received a gift from Trog
 51783 | Vaults:1 | Found Hinwutun's Food Boutique.
 51903 | Vaults:1 | Received a gift from Trog
 52136 | Vaults:2 | Found Qailyfac's Assorted Antiques.
 52960 | Vaults:2 | Found a staircase to the Crypt.
 52998 | Crypt:1  | Entered Level 1 of the Crypt
 53095 | Vaults:2 | Received a gift from Trog
 53288 | Vaults:2 | Received a gift from Trog
 54024 | Vaults:2 | Reached XP level 22. HP: 244/254 MP: 22/22
 54361 | Vaults:2 | Gained mutation: You have a pair of small horns on your head. [potion of beneficial mutation]
 54435 | Vaults:3 | Noticed Margery
 54567 | Vaults:3 | Killed Margery
 54636 | Vaults:3 | Received a gift from Trog
 54834 | Vaults:3 | Received a gift from Trog
 54992 | Vaults:3 | Found Teomieth's Magic Scroll Shop.
 55071 | Vaults:3 | Bought a scroll of magic mapping for 63 gold pieces
 55472 | Vaults:3 | Received a gift from Trog
 55563 | Vaults:3 | Got a transparent demon blade {god gift}
 55564 | Vaults:3 | Identified the +8 demon blade of the Other Side {elec, rN++} (Trog gifted it to you on level 3 of the Vaults)
 55576 | Vaults:3 | Noticed Mennas
 55611 | Vaults:3 | Killed Mennas
 55838 | Vaults:3 | Noticed Asterion
 55847 | Vaults:3 | Killed Asterion
 55942 | Vaults:3 | Received a gift from Trog
 56323 | Vaults:4 | Received a gift from Trog
 56588 | Vaults:4 | Found a bloodstained altar of Trog.
 56807 | Vaults:4 | Found Oduhi's Antique Weapon Shop.
 57416 | Vaults:4 | Reached skill level 15 in Shields
 57434 | Vaults:4 | Reached XP level 23. HP: 145/263 MP: 23/23
 57765 | Vaults:4 | Noticed Jory
 57780 | Vaults:4 | Received a gift from Trog
 57782 | Vaults:4 | Killed Jory
 58069 | Vaults:4 | Received a gift from Trog
 58870 | Slime:1  | Entered Level 1 of the Pits of Slime
 60060 | Slime:2  | Received a gift from Trog
 60270 | Slime:2  | Received a gift from Trog
 60283 | Slime:3  | Noticed Dissolution
 60291 | Slime:3  | Paralysed by a giant eyeball for 2 turns
 60424 | Slime:2  | Killed Dissolution
 60483 | Slime:2  | Received a gift from Trog
 60497 | Slime:3  | Gained mutation: You are weak. (Str -2) [a shining eye]
 61322 | Slime:5  | Received a gift from Trog
 61605 | Slime:6  | Entered Level 6 of the Pits of Slime
 61821 | Slime:5  | Reached skill level 1 in Evocations
 61888 | Slime:5  | Reached XP level 24. HP: 232/273 MP: 23/23
 62102 | Slime:6  | Noticed the royal jelly
 62298 | Lair:6   | Received a gift from Trog
 62777 | Slime:6  | Gained mutation: Your magical capacity is low (-10% MP). [a shining eye]
 62905 | Slime:6  | Found a viscous altar of Jiyva.
 62941 | Slime:6  | Killed the royal jelly
 63109 | Slime:6  | Got a slimy rune of Zot
 63111 | Slime:6  | Got a faintly glowing lead ring
 63113 | Slime:6  | Identified the ring "Xodut" {Wiz rPois rN+ MR+} (You found it on level 6 of the Pits of Slime)
 63128 | Slime:6  | Identified a +1 rod of ignition (14/14) (You found it on level 6 of the Pits of Slime)
 63151 | Slime:6  | Identified the Tome of Cloudy Hexes
 63173 | Slime:6  | Got an ancient spear
 63174 | Slime:6  | Identified the +1 spear "Xuineozxe" {drain, rN++ Str+3 Int-5} (You found it on level 6 of the Pits of Slime)
 63496 | Lair:1   | Lost mutation: Your magical capacity is low (-10% MP). [potion of cure mutation]
 63496 | Lair:1   | Lost mutation: You have a pair of small horns on your head. [potion of cure mutation]
 63496 | Lair:1   | Lost mutation: You are weak. (Str -2) [potion of cure mutation]
 64233 | Temple   | Entered the Ecumenical Temple
 64303 | Temple   | Fell from the grace of Trog
 64303 | Temple   | Became a worshipper of the Shining One
 64516 | Lair:1   | Learned a level 2 spell: Shroud of Golubria
 64519 | Lair:1   | Learned a level 2 spell: Repel Missiles
 65163 | D:15     | Reached skill level 1 in Charms
 65176 | Depths:1 | Noticed Sojobo
 65179 | Depths:1 | Reached skill level 1 in Translocations
 65179 | Depths:1 | Reached skill level 1 in Air Magic
 65479 | D:15     | Killed Sojobo
 65677 | D:15     | Gained mutation: You are partially covered in rough black scales (AC +4, Dex -1). [potion of beneficial mutation]
 65678 | D:15     | Gained mutation: You have sharp toenails. [potion of beneficial mutation]
 66208 | Depths:1 | HP: 13/275 [yaktaur captain/bolt (25)]
 67018 | Vaults:1 | Acquired the Shining One's first power
 67148 | Crypt:1  | Noticed Saint Roka
 67180 | Crypt:1  | Killed Saint Roka
 67358 | Crypt:1  | Acquired the Shining One's second power
 67428 | Crypt:1  | HP: 8/412 [hill giant/giant club[the rage of Trog] (26)]
 67428 | Crypt:1  | Slain by a hill giant

Vault maps used:
D:1:      dpeg_arrival_rhombi, minivault_25
D:2:      wad_woods_tower, nicolae_overflow_hidden_temple,
          nicolae_qazlal_style_of_elements
D:3:      lemuel_blue_sif_altar, st_stairs_14
D:4:      first_bread
D:5:      gammafunk_temple_overflow_statue, grunt_dithmenos_smoke_and_mirrors
D:6:      serial_shops, nicolae_shop_temple_entry_statues_fountains,
          uniq_menkaure, uniq_edmund, uniq_sigmund
D:7:      minmay_temple_entry_grid, st_stairs_2
D:8:      minmay_curly_fans, elyvilon_altar_1, hangedman_little_slice_of_home,
          nemelex_lonely_heart_becter, uniq_joseph
D:9:      lair_0_dummy
D:11:     serial_shops, nicolae_shop_crystal, grunt_decor_arrowhead,
          minmay_misc_feat_encased, uniq_urug
D:12:     minmay_orc_entry_temple_small, portal_ice_cave_entry_ice_beasts,
          serial_shops, shop, eino_jars, kennysheep_opposing_triangles
D:13:     minmay_blocking_statues, david_vaults_2, serial_shops, shop_statue,
          uniq_josephine
D:14:     serial_park_tiny_2, nicolae_gozag_cash_rules_everything_around_me
D:15:     gammafunk_depths_entry_grave, grunt_decor_clamped
Temple:   triangle_lava_temple_12
Lair:2:   lab_entry_generic, uniq_sonja, uniq_erica
Lair:3:   guppyfry_snake_entry_garden
Lair:4:   guppyfry_lair_drakes
Lair:5:   minmay_swamp_entry_worms
Lair:7:   columned_hall_lemuel
Lair:8:   hangedman_lair_tendril_chambers, guppyfry_lair_end_dragon,
          slime_altar_1, minivault_19
Swamp:1:  hangedman_swamp_cone, swamp_pool1
Swamp:2:  evilmike_swamp_ruin_house_2
Swamp:3:  hangedman_swamp_ruin_hall, swamp_pool1,
          nicolae_swamp_very_dense_foliage
Swamp:4:  swamp_vile, swamp_pool5
Snake:1:  grunt_ministairs_11, grunt_megastairs_3, uniq_roxanne, uniq_donald
Snake:2:  serial_shops, shop
Snake:3:  nicolae_cobra_stairs, special_room, uniq_nikola, uniq_jorgrun,
          uniq_agnes
Snake:4:  minmay_snake_end_coiled, uniq_mara
Slime:1:  cheibrodos_slime_lost_civilization_7
Slime:3:  nicolae_slime_phagocytosis, uniq_dissolution
Orc:1:    basic_altar, nicolae_orc_rockfall
Orc:2:    basic_altar, mines3_lemuel
Orc:3:    serial_shops, shop_statue, nicolae_shop_trees, shop,
          nicolae_orc_pool_cavern
Orc:4:    grunt_orc_community_town_hall, grunt_orc_community_big_house_1,
          grunt_orc_community_big_house_1, grunt_orc_community_house_3,
          grunt_orc_community_house_2, grunt_orc_community_house_1,
          grunt_orc_community_house_2, uniq_maud, uniq_azrael
Elf:1:    eino_elf_arrival_the_gate, minmay_elf_necromancy, uniq_aizul,
          uniq_louise
Elf:2:    st_stairs_9
Elf:3:    elf_hall, serial_shops, bzr_entry_gold, minivault_15
Vaults:1: st_lines, v_alt_pattern_3, v_misc_18, hangedman_vaults_slither,
          nicolae_vaults_circle_grid_b, nicolae_vaults_sealed_display,
          vaults_dpeg_ring, nicolae_vaults_rhombus_7, vaults_room_pool,
          vaults_room_door_hall, nicolae_vaults_ring_of_whatevers, serial_ice_m,
          enter_trove_6, serial_shops, nicolae_shop_crystal
Vaults:2: ontoclasm_vaults_bender, minmay_crypt_entry_simple_sparse,
          nicolae_vaults_know_your_exits, grunt_vaults_focal,
          vaults_mumra_minichess, ontoclasm_vaults_claustrophobia,
          vaults_room_hallway, hangedman_vaults_capsules,
          hangedman_vaults_cutoff, vaults_mumra_minichess_inversion,
          nicolae_vaults_big_angled_halls, nicolae_vaults_angled_halls,
          ontoclasm_vaults_decontamination, serial_shops,
          nicolae_shop_behind_doors
Vaults:3: hangedman_vaults_pinch, v_misc_12, nicolae_vaults_meeting,
          nicolae_vaults_little_squares_3, ontoclasm_vaults_ligature,
          nicolae_vaults_diagonal_hallway_8, v_misc_1, vaults_room_pools,
          nicolae_vaults_theta, grunt_vaults_funnel, serial_shops,
          nicolae_shop_trees, uniq_margery, uniq_asterion, uniq_mennas
Vaults:4: v_misc_26, v_misc_32, ontoclasm_vaults_shuriken, vaults_room_hallway,
          hangedman_vaults_cutoff, ontoclasm_vaults_gateway,
          vaults_room_stairs_pillars, nicolae_vaults_alarming, basic_altar,
          serial_shops, shop, uniq_jory
Crypt:1:  ragdoll_tomb_raider, grunt_crypt_arrival_guarded_gate, uniq_saint_roka
Depths:1: evilmike_diamond_1, nicolae_lava_and_water, rand_demon_pan_entry_7,
          hell_entry, minmay_misc_feat_doors, spider_trap,
          nicolae_elemental_shop, uniq_sojobo
Abyss:1:  evilmike_abyss_exit_smiterflies
Lab:      nicolae_lab_dead_adventurers, nicolae_lab_x,
          labyrinth_skeletal_remains, labyrinth_lava_lair
Bazaar:   bazaar_jpeg_ribbon
Trove:    trove_jewel_1
IceCv:    ice_cave_small_dragons

Action                   |  1- 3 |  4- 6 |  7- 9 | 10-12 | 13-15 | 16-18 | 19-21 | 22-24 || total
-------------------------+-------+-------+-------+-------+-------+-------+-------+-------++-------
Melee: Mace              |   105 |   202 |   246 |       |       |       |       |       ||   553
       Flail             |       |       |   164 |    37 |       |       |       |   333 ||   534
       Giant club        |       |       |       |   466 |   986 |  1025 |  1233 |   858 ||  4568
 Fire: Blowgun           |       |       |       |     3 |     3 |    12 |    11 |       ||    29
Throw: Javelin           |       |       |       |    18 |    56 |       |       |       ||    74
       Large rock        |       |       |       |       |    27 |   106 |   200 |   154 ||   487
 Cast: Repel Missiles    |       |       |       |       |       |       |       |     2 ||     2
       Shroud of Golubri |       |       |       |       |       |       |       |     1 ||     1
Invok: Berserk           |     2 |     5 |     8 |     7 |     7 |     1 |       |     5 ||    35
       Brothers in Arms  |       |       |     1 |     2 |     3 |     6 |     7 |    13 ||    32
       Burn Spellbooks   |       |       |       |     2 |     3 |     4 |     1 |     1 ||    11
       Trog's Hand       |       |       |       |       |       |     7 |       |     1 ||     8
 Abil: Evoke Flight      |       |       |       |       |       |     1 |       |       ||     1
Evoke: Wand              |       |       |     3 |     3 |     1 |     3 |     2 |     5 ||    17
       Lamp of fire      |       |       |       |       |       |     1 |     1 |       ||     2
       Rod               |       |       |       |       |       |       |       |     2 ||     2
  Use: Potion            |       |     1 |       |     6 |    10 |     8 |     1 |    20 ||    46
       Scroll            |       |     1 |    11 |    13 |    15 |     7 |    11 |    15 ||    73
 Stab: Sleeping          |     3 |     1 |     2 |     5 |     2 |       |     1 |     1 ||    15
       Distracted        |       |       |       |       |     1 |     1 |     2 |     1 ||     5
       Fleeing           |       |       |       |       |     1 |       |       |       ||     1
       Confused          |       |       |       |       |       |       |     2 |       ||     2
  Eat: Chunk             |     3 |     7 |    24 |    25 |    38 |    37 |    10 |     9 ||   153
       Royal jelly       |       |     1 |       |       |     1 |       |     1 |     3 ||     6
       Beef jerky        |       |       |     1 |     2 |       |       |     3 |     1 ||     7
       Fruit             |       |       |       |     2 |       |       |     2 |     7 ||    11
       Pizza             |       |       |       |     2 |       |     2 |     3 |       ||     7
       Bread ration      |       |       |       |       |     1 |       |     1 |     5 ||     7
       Meat ration       |       |       |       |       |     1 |     1 |     5 |     3 ||    10
